 Dungeon Crawl Stone Soup version 0.31-a0-204-g7da18cac08 (webtiles) character file.

Game seed: 4311845027505069593

81 qw the Shooter (level 4, 0/25 HPs)
             Began as a Deep Elf Hunter on June 27, 2023.
             Succumbed to their own poison gas
             ... on level 2 of the Dungeon.
             The game lasted 00:00:35 (1147 turns).

qw the Shooter (Deep Elf Hunter)                    Turns: 1147, Time: 00:00:35

Health: 0/25       AC:  9    Str: 10    XL:     4   Next: 19%
Magic:  6/6        EV: 16    Int: 14    God:
Gold:   113        SH:  0    Dex: 18    Spells: 3/3 levels left

rFire   . . .        Y - +0 shortbow
rCold   . . .        (shield currently unavailable)
rNeg    . . .        a - +3 ring mail
rPois   .            (no helmet)
rElec   .            (no cloak)
rCorr   .            d - +0 pair of gloves
SInv    .            (no boots)
Will    .....        (no amulet)
Stlth   +            b - +5 ring of evasion
HPRegen 0.24/turn    (no ring)
MPRegen 0.10/turn

%: no passive effects
@: lethally poisoned (0 -> -3)
A: no striking features
a: no special abilities


You were on level 2 of the Dungeon.
You visited 1 branch of the dungeon, and saw 2 of its levels.

You collected 113 gold pieces.


   Skills:
 - Level 1.5 Fighting
 + Level 7.6 Ranged Weapons
 - Level 2.4 Dodging
 - Level 1.2 Stealth


You had 3 spell levels left.
You didn't know any spells.
Your spell library was empty.

Inventory:

Hand Weapons
 Y - a +0 shortbow (weapon)
Armour
 a - a +3 ring mail (worn)
 d - a +0 pair of gloves (worn)
Jewellery
 b - a +5 ring of evasion (left hand)
Potions
 c - a potion of mutation {unknown}
 f - a potion of heal wounds {unknown}
 h - a potion of degeneration {unknown}
 i - a potion of attraction {unknown}
 j - a potion of curing {unknown}

Dungeon Overview and Level Annotations

Branches:
Dungeon (2/15)

Altars:
Nemelex Xobeh


Message History

It was a scroll of fear.
Done exploring.
1138 ||| READING scroll labelled LIRHIO TIROIMM.
The air fills with toxic fumes!
As you read the scroll labelled LIRHIO TIROIMM, it crumbles to dust.
It was a scroll of poison.
Done exploring.
(D) Dungeon
Where to? (* - list waypoints, Enter - D:2, ? - help)
What level of the Dungeon? (default 1, ? - help) Sorry, I don't know how to get there.
Enter note:
Enter note:
Enter note:
Enter note:
Enter note:
Enter note:
Enter note:
Enter note:
Enter note: Really walk into that cloud of poison gas?
You are engulfed in poison gas.
You are poisoned.
You feel very sick.
1140 ||| Stepping ~*~*~tactically~*~*~ (cloud).
You feel very sick.
You see here a +0 ring mail.
There is a lethal amount of poison in your body!
You feel very sick.
There is a lethal amount of poison in your body!
You feel sick.
There is a lethal amount of poison in your body!
You feel sick.
There is a lethal amount of poison in your body!
You feel sick.
There is a lethal amount of poison in your body!
You feel sick.
There is a lethal amount of poison in your body!
You feel sick.
There is a lethal amount of poison in your body!
You die...

#(###.>.#####.#...
#¤# #...# #.#.#.
#0# #...# #.#...
#0# #...# #.....
#0# #...#####..###
#¤# #..........# #
#¤# #.#######..# #
#0# #.## #..# #
#@# #..# #..# #
#0# ##.## #..# #
#0###.#.#####..# #
#¤¤..###.......###
#####.#.###.......
#...###.......
#.............
#...#.........
######.........


There were no monsters in sight!

Vanquished Creatures
  Jessica (D:2)
  2 worms (D:2)
  A bat (D:2)
  3 endoplasms
  2 giant cockroaches (D:2)
  5 goblins
  7 hobgoblins
  8 jackals
  4 kobolds
  2 quokkas
  2 ball pythons (D:1)
  A frilled lizard (D:1)
  3 rats (D:1)
41 creatures vanquished.

Notes
Turn   | Place    | Note
-------+----------+-------------------------------------------
     0 | D:1      | qw the Deep Elf Hunter began the quest for the Orb.
     0 | D:1      | Reached XP level 1. HP: 12/12 MP: 3/3
     0 | D:1      | 0 ||| qw: Version: 0.3-a-22-g0ed2b0b
     0 | D:1      | 0 ||| qw: Game counter: 6423
     0 | D:1      | 0 ||| qw: Melee chars always use a shield: true
     0 | D:1      | 0 ||| qw: God list: Okawaru
     0 | D:1      | 0 ||| qw: Allow faded altars: false
     0 | D:1      | 0 ||| qw: Do Orc after clearing Dungeon:15 true
     0 | D:1      | 0 ||| qw: Do second Lair branch before Depths: true
     0 | D:1      | 0 ||| qw: Lair rune preference: random
     0 | D:1      | 0 ||| qw: Goals: Normal
     0 | D:1      | 0 ||| PLANNING D:1-11
    43 | D:1      | You fall into a shaft and drop 1 floor!
    52 | D:2      | Found a sparkling altar of Nemelex Xobeh.
    75 | D:2      | HP: 1/12 [frozen (5)]
   139 | D:2      | Reached XP level 2. HP: 16/16 MP: 4/4
   146 | D:2      | Reached skill level 6 in Ranged Weapons
   147 | D:2      | 147 ||| READING scroll labelled FEDDOG XALL.
   148 | D:2      | 148 ||| READING scroll labelled JINOUSH GEQOOL.
   149 | D:2      | 149 ||| DROPPING scroll of butterflies.
   467 | D:1      | 467 ||| UPGRADING to +0 pair of gloves.
   472 | D:1      | 472 ||| UPGRADING to +0 ring mail.
   482 | D:1      | 482 ||| DROPPING +0 leather armour.
   483 | D:1      | 483 ||| UPGRADING to +5 ring of evasion.
   484 | D:1      | 484 ||| READING scroll labelled JAFURO TUME.
   485 | D:1      | 485 ||| DRINKING 2 fuming amethyst potions.
   486 | D:1      | 486 ||| DROPPING potion of brilliance.
   525 | D:2      | Reached XP level 3. HP: 20/20 MP: 5/5
   729 | D:2      | Found a faded altar of an unknown god.
   750 | D:2      | Noticed Jessica
   753 | D:2      | Killed Jessica
   754 | D:2      | Reached skill level 7 in Ranged Weapons
   754 | D:2      | Reached XP level 4. HP: 25/25 MP: 6/6
  1126 | D:2      | 1126 ||| UPGRADING to +3 ring mail.
  1136 | D:2      | 1136 ||| DROPPING +0 ring mail.
  1137 | D:2      | 1137 ||| READING scroll labelled BIAXOR KI TAKH.
  1138 | D:2      | 1138 ||| READING scroll labelled LIRHIO TIROIMM.
  1140 | D:2      | 1140 ||| Stepping ~*~*~tactically~*~*~ (cloud).
  1142 | D:2      | HP: 6/25 [poisoned by you (poison gas)]
  1145 | D:2      | HP: 2/25 [poisoned by you (poison gas)]
  1147 | D:2      | Succumbed to their own poison gas

Levels and vault maps discovered:
D:1:      doesnt_arrival_eight_statues, layout_rooms,
          hangedman_decor_clover_reticule, st_stairs_5
D:2:      layout_loops_ring, chequers_ecumenical_altar_simple_redux,
          basic_altar, uniq_jessica

Skill      XL: |  1  2  3 |
---------------+----------+-----
Ranged Weapons | 6 7 |  7.6
Fighting       | |  1.5
Dodging        | |  2.4
Stealth        | |  1.2

Action                     |  1- 3 |  4- 6 || total
---------------------------+-------+-------++-------
   Fire: Shortbow          |    88 |    39 ||   127
    Use: Scroll            |     3 |     2 ||     5
         Potion            |     1 |       ||     1
 Armour: Ring mail         |     1 |     4 ||     5
  Dodge: Dodged            |     7 |    17 ||    24

Table legend:
 A = Non-vault XP
 B = Vault XP
 C = Vault XP percentage of total XP
 D = Non-vault monster count
 E = Vault monster count
 F = Vault count percentage of total count
                 A         B        C        D         E       F
            +---------+---------+-------+---------+---------+-------
      Total |      76 |      40 |  34.5 |      38 |       3 |   7.3
            +---------+---------+-------+---------+---------+-------
        D:1 |      21 |       3 |  12.5 |      13 |       2 |  13.3
        D:2 |      55 |      37 |  40.2 |      25 |       1 |   3.8
            +---------+---------+-------+---------+---------+-------
